 Dungeon Crawl Stone Soup version 0.22-a0-855-g415d086bb8 (webtiles) character file.

30 Htamos the Poker (level 3, -1/39 HPs)
             Began as an Ogre Monk on July 27, 2018.
             Slain by Sigmund
             ... wielding a +0 scythe
              (7 damage)
             ... on level 2 of the Dungeon.
             The game lasted 00:02:59 (1446 turns).

Htamos the Poker (Ogre Monk)                        Turns: 1446, Time: 00:03:00

Health: -1/39      AC:  3    Str: 15    XL:     3   Next: 20%
Magic:  3/3        EV: 10    Int: 11    God:
Gold:   42         SH:  0    Dex: 12    Spells: 2/2 levels left

rFire    . . .     SeeInvis .   a - +0 spear
rCold    . . .     Gourm    .   (no shield)
rNeg     . . .     Faith    .   b - +0 robe
rPois    .         Spirit   .   (helmet restricted)
rElec    .         Reflect  .   (no cloak)
rCorr    .         Harm     .   (gloves unavailable)
MR       .....                  (boots unavailable)
Stlth    ++........             (no amulet)
HPRegen  0.13/turn              (no ring)
MPRegen  0.08/turn              (no ring)

@: invisible
A: large, unfitting armour, tough skin 1
a: no special abilities


You were on level 2 of the Dungeon.
You were hungry.

You visited 1 branch of the dungeon, and saw 3 of its levels.

You collected 42 gold pieces.

Inventory:

Hand Weapons
 a - a +0 spear (weapon)
Missiles
 d - 74 stones (quivered)
 g - 5 tomahawks
Armour
 b - a +0 robe (worn)
Scrolls
 e - 2 scrolls of teleportation {unknown}
 f - a scroll of remove curse {unknown}
 h - 2 scrolls of identify {unknown}
Potions
 i - a potion of berserk rage {unknown}
 j - a potion of brilliance {unknown}
 k - a potion of invisibility
Comestibles
 c - 3 rations
 l - a chunk of flesh


   Skills:
 - Level 4.0 Fighting
 * Level 4.2 Polearms
 - Level 2.6 Dodging
 - Level 1.4 Stealth


You had 2 spell levels left.
You didn't know any spells.
Your spell library was empty.

Dungeon Overview and Level Annotations

Branches:
Dungeon (3/15)

Altars:

Annotations:
D:2 Sigmund


Innate Abilities, Weirdness & Mutations

You are too large for most types of armour.
You have tough skin. (AC +1)


Message History

The worm is heavily wounded.
Sigmund barely misses you. The worm barely misses you.
You hit the worm.
The worm is heavily wounded.
You barely miss the worm.
The worm is heavily wounded.
Sigmund casts a spell.
Sigmund flickers and vanishes!
The worm closely misses you.
You barely miss the worm.
The worm is heavily wounded.
Something hits you!
* * * LOW HITPOINT WARNING * * *
You hit the worm.
The worm is severely wounded.
The worm bites you!
* * * LOW HITPOINT WARNING * * *
It was a potion of invisibility.
You fade into invisibility!
Something hits you!
You die...

. .. ##
.####..### #.#
##.##.....
#.###.......#
#.#...##.#.#
#.?.#......#
##..).##{###
######.#.###>#
...........w@.#
#######.#.#####
.../....#
#####....
######


You could see a worm.

Vanquished Creatures
  An ooze (D:2)
  2 giant cockroaches (D:1)
  2 goblins
  5 hobgoblins
  3 kobolds
  2 ball pythons (D:1)
  5 bats
  2 frilled lizards (D:1)
  4 rats (D:1)
26 creatures vanquished.

Notes
Turn   | Place    | Note
-------+----------+-------------------------------------------
     0 | D:1      | Htamos the Ogre Monk began the quest for the Orb.
     0 | D:1      | Reached XP level 1. HP: 24/24 MP: 1/1
   243 | D:1      | Reached XP level 2. HP: 24/32 MP: 2/2
  1193 | D:2      | Reached XP level 3. HP: 35/39 MP: 3/3
  1270 | D:2      | Noticed Sigmund
  1446 | D:2      | Slain by Sigmund

Vault maps used:
D:1:      dpeg_arrival_leaves_temple_mockup, minmay_pentomino_s2
D:2:      uniq_sigmund
D:3:      minivault_4, uniq_jessica, uniq_grinder

Skill      XL: |  1  2 |
---------------+-------+-----
Polearms       | 4 |  4.2
Fighting       | |  4.0
Dodging        | |  2.6
Stealth        | |  1.4

Action                   || total
-------------------------++-------
Melee: Spear             ||   149
  Use: Potion            ||     1
 Stab: Sleeping          ||     6
  Eat: Chunk             ||     1
Armor: Robe              ||    29
Dodge: Dodged            ||    61

Table legend:
 A = Spawn XP
 B = Non-spawn XP
 C = Spawn XP percentage of total XP
 D = Spawn monster count
 E = Non-spawn monster count
 F = Spawn count percentage of total count
 G = Total turns spent on level
                    A         B        C        D         E        F      G
               +---------+---------+-------+---------+---------+-------+---------
         Total |       0 |      44 |   0.0 |       0 |      26 |   0.0 |  1446
               +---------+---------+-------+---------+---------+-------+---------
           D:1 |       0 |      27 |   0.0 |       0 |      19 |   0.0 |  1039
           D:2 |       0 |      17 |   0.0 |       0 |       7 |   0.0 |   269
               +---------+---------+-------+---------+---------+-------+---------
